 Dungeon Crawl Stone Soup version bcrawl-1.40.2 (webtiles) character file.

Game seed: 4120381220121401155

613669 kosoiffoigrumme1174 the Covert (level 13, -6/82 HPs)
             Began as a Mana Stalker Monk on Nov 8, 2023.
             Was a High Priest of Okawaru.
             Mangled by Agnes
             ... wielding a +4 lajatang of venom
              (15 damage)
             ... on level 12 of the Dungeon.
             The game lasted 00:37:12 (11424 turns).

kosoiffoigrumme1174 the Covert (Mana Stalker Monk) Turns: 11424, Time: 00:37:12

Health: -6/82      AC: 10    Str: 15    XL:     13   Next: 88%
Magic:  0/21       EV: 31    Int: 10    God:    Okawaru [*****.]
Gold:   345        SH:  0    Dex: 28    Spells: 12/12 levels left

rFire    . . .     GDR:     40% b - +1 rapier (venom)
rCold    . . .     SeeInvis .   (no shield)
rNeg     . . .     Gourm    .   F - +2 troll leather armour
rPois    .         Faith    .   R - +2 hat
rElec    .         Spirit   +   N - scarf {Spirit}
rCorr    .         Reflect  .   m - +0 pair of gloves
MR       ++++.                  (no boots)
Stlth    +++++++...             r - amulet of regeneration
HPRegen  1.03/turn              K - +7 ring of dexterity
MPRegen  0.17/turn              g - ring of protection from magic

@: lethally poisoned (-6 -> -40), heroism, finesse, studying Polearms
A: fangs 3, magic resistance 2, regeneration 1, antimagic bite, no potion heal
3, rot immunity, strong jaws
a: Heroism, Finesse, Renounce Religion


You were on level 12 of the Dungeon.
You worshipped Okawaru.
Okawaru was extremely pleased with you.
You were not hungry.

You visited 1 branch of the dungeon, and saw 12 of its levels.
You also visited: Sewer, Ossuary and Gauntlet.

You collected 989 gold pieces.
You spent 644 gold pieces at shops.

Inventory:

Hand Weapons
 a - a +5 war axe
 b - a +1 rapier of venom (weapon)
Missiles
 p - 187 poisoned tomahawks (quivered)
Armour
 m - a +0 pair of gloves (worn)
 x - a scarf of resistance
 E - a +1 chain mail of fire resistance
 F - a +2 troll leather armour (worn)
 N - a scarf of spirit shield (worn)
 R - a +2 hat (worn)
 W - a +0 cloak of poison resistance
Jewellery
 g - a ring of protection from magic (right hand)
 l - an uncursed ring of protection from cold
 r - an amulet of regeneration (around neck)
 C - an uncursed ring of fire
 J - an uncursed ring of protection from cold
 K - a +7 ring of dexterity (left hand)
Wands
 d - a wand of scattershot (4)
 y - a wand of paralysis (14)
 L - a wand of iceblast (21)
 M - a wand of random effects (12)
 P - a wand of disintegration (12)
 Q - a wand of charming (5)
Scrolls
 f - 7 scrolls of remove curse
 i - 3 scrolls of enchant armour
 j - 7 scrolls of teleportation
 k - 4 scrolls of fog
 q - 3 scrolls of amnesia {unknown}
 B - 6 scrolls of fear
 D - 3 scrolls of enchant weapon
 I - 2 scrolls of revelation
 O - a scroll of brand weapon {unknown}
 V - a scroll of noise {unknown}
Potions
 c - a potion of haste {unknown}
 h - 2 potions of mutation
 o - 9 potions of curing
 t - 4 potions of heal wounds
 u - 2 potions of flight {unknown}
 v - a potion of resistance
 w - a potion of magic {unknown}
 z - 2 potions of lignification
 A - 4 potions of might {unknown}
 G - a potion of berserk rage {unknown}
 S - a potion of cancellation {unknown}
Miscellaneous
 s - a lamp of fire (inert)
 U - a sack of spiders
Comestibles
 e - 16 rations {!d}


   Skills:
 + Level 10.0(15.0) Fighting
 - Level 2.6(7.6) Axes
 + Level 10.0(15.0) Dodging
 - Level 12.0(17.0) Stealth
 + Level 10.0(15.0) Unarmed Combat
 + Level 10.0 Invocations
 + Level 10.0 Evocations


You had 12 spell levels left.
You didn't know any spells.
Your spell library contained the following spells:

 Spells                   Type           Power        Failure   Level  Hunger
 Beastly Appendage        Tmut           #.....       41%         1    None
 Magic Dart               Conj           #...         41%         1    None
 Slow                     Hex            #.......     41%         1    None
 Blink                    Tloc           N/A          56%         2    ####...
 Call Imp                 Summ           #.....       56%         2    ####...
 Ensorcelled Hibernation  Hex/Ice        #.....       56%         2    ####...
 Passwall                 Tmut/Erth      #.......     56%         2    ####...
 Sticks to Snakes         Tmut           #.......     56%         2    ####...
 Confuse                  Hex            #.......     80%         3    #####..
 Conjure Flame            Conj/Fire      #.......     80%         3    #####..
 Dazzling Orbs            Conj/Hex       #......      80%         3    #####..
 Mephitic Cloud           Conj/Pois/Air  #.......     80%         3    #####..
 Spider Form              Tmut/Pois      #..          80%         3    #####..
 Tukima's Dance           Hex            #.......     80%         3    #####..
 Cause Fear               Hex            #.........   99%         4    ######.
 Ice Form                 Ice/Tmut       #.......     99%         4    ######.
 Blade Hands              Tmut           #.........   100%        5    #######


Dungeon Overview and Level Annotations

Branches:
Dungeon (12/12)            Temple (0/1) D:6            Lair (0/6) D:8
    Orc (0/1) D:10         Depths (0/5) D:12
 Vaults: D:11-12

Altars:
Cheibriados
Elyvilon
Hepliaklqana
Makhleb
Nemelex Xobeh
Okawaru
Qazlal
Trog
Uskayaw
Vehumet
The Shining One

Shops:
D:4 }   D:5 (   D:8 }   D:11 (   D:12 ?

Portals:
Trove: D:10 (give 12 scrolls of teleportation)

Annotations:
D:2 1 runed door
D:4 3 runed translucent doors, kosoiffoigrumme1174's ghost, amateur VSCK
D:12 Agnes


Innate Abilities, Weirdness & Mutations

You have razor-sharp teeth.
You are highly resistant to hostile enchantments. (MR++)
Your natural rate of healing is unusually fast.
Your bite disrupts and absorbs the magic of your enemies.
Potions cannot restore your health.
You are immune to rotting.
Your bites deal extra damage.


Message History

You are more poisoned.
Agnes hits you with a +4 lajatang of venom!
You are more poisoned.
You can now deal lightning-fast blows.
You feel very sick.
Agnes hits you with a +4 lajatang of venom!
* * * LOW HITPOINT WARNING * * *
You are more poisoned.
You miss Agnes. You bite Agnes, but do no damage.
* * * LOW HITPOINT WARNING * * *
You feel sick. Agnes completely misses you.
You miss Agnes. Your punch misses Agnes. Your bite misses Agnes.
* * * LOW HITPOINT WARNING * * *
You feel very sick. Agnes closely misses you.
You barely miss Agnes. Your bite misses Agnes.
* * * LOW HITPOINT WARNING * * *
You feel very sick.
Agnes hits you with a +4 lajatang of venom!
You die...

...................#
...................#
...(.......#...#...#
...........#...#...#
...........#...#...#
}..........#...#...#
...........#####...#
...........# #...#
...........# #@..#
...........# #i..#
.......... ....#
......... .....#
........ #.......#
....... #.......#
....... #...##..#
....... #.......#
....... #$....


You could see Agnes.

Vanquished Creatures
  A minotaur (Gauntlet)
  An ettin (D:12)
  Snorg (D:11)
  A hydra (D:7)
  2 ogre magi
  Psyche (D:11)
  10 two-headed ogres
  A tengu warrior (D:12)
  7 centaur warriors
  An unseen horror (D:12)
  A glowing orange brain (Gauntlet)
  2 cyclopes
  4 ugly things
  A black mamba (shapeshifter) (D:11)
  A yaktaur (D:12)
  2 minotaur zombies (Gauntlet)
  3 trolls
  A queen bee (Gauntlet)
  2 harpy skeletons
  3 meliai (Gauntlet)
  A hornet (D:11)
  2 hippogriffs
  9 slime creatures
  Grinder (D:6)
  A wyvern (D:8)
  Grum (D:11)
  2 shadows
  4 yaks
  2 wraiths (D:10)
  2 basilisks (D:8)
  4 hogs (D:7)
  A human (D:7)
  4 hungry ghosts
  2 crocodiles (D:8)
  A floating eye (shapeshifter) (D:12)
  A water moccasin (D:8)
  3 porcupines (D:8)
  3 orc warriors
  2 black bears (D:8)
  2 sky beasts
  2 ice beasts (D:6)
  2 phantoms
  8 ogres
  A necrophage (D:6)
  4 wolves
  4 bullfrogs
  A kobold brigand (Sewer)
  A gnoll sergeant (D:7)
  3 centaurs (D:9)
  5 water moccasin zombies (Ossuary)
  3 scorpions
  3 killer bees (Gauntlet)
  3 howler monkeys (D:7)
  3 wights (D:12)
  5 crimson imps
  5 orc priests
  A jelly (D:5)
  4 hounds
  11 orc wizards
  5 bullfrog skeletons
  A gnoll shaman (D:4)
  5 iguanas
  5 worker ants
  2 killer bee zombies (D:4)
  2 hound zombies
  3 hound skeletons
  2 mummies (Ossuary)
  2 worker ant zombies
  7 gnolls
  A howler monkey skeleton (D:4)
  2 river rats (Sewer)
  12 adders
  2 scorpion zombies (D:4)
  2 shadow imps
  3 oozes (Sewer)
  5 adder zombies (Ossuary)
  5 adder skeletons
  6 worms
  4 dart slugs
  6 leopard geckos
  64 orcs
  4 ball pythons
  8 giant cockroaches
  3 gnoll zombies (Ossuary)
  3 goblins
  8 hobgoblins
  12 jackals
  7 quokkas
  5 bats
  4 frilled lizards
  6 hobgoblin zombies (Ossuary)
  A jackal skeleton (D:6)
  9 kobolds
  5 kobold zombies (Ossuary)
  5 orc zombies (Ossuary)
  8 rats
  2 plants (D:5)
399 creatures vanquished.

Vanquished Creatures (others)
  A frost giant (D:12)
  A two-headed ogre (D:11)
  2 fungi (D:8)
  6 plants (D:8)
10 creatures vanquished.

Grand Total: 409 creatures vanquished

Notes
Turn   | Place    | Note
-------+----------+-------------------------------------------
     0 | D:1      | kosoiffoigrumme1174 the Vine Stalker Monk began the quest
                  | for the Orb.
     0 | D:1      | Reached XP level 1. HP: 13/13 MP: 3/3
    92 | D:1      | Reached XP level 2. HP: 18/18 MP: 4/4
   115 | D:1      | Reached skill level 1 in Unarmed Combat
   384 | D:1      | Reached XP level 3. HP: 23/23 MP: 5/5
   723 | D:2      | Found a faded altar of an unknown god.
  1243 | D:2      | Reached XP level 4. HP: 28/28 MP: 6/6
  1322 | D:2      | Found a runed door.
  1824 | D:3      | Reached XP level 5. HP: 30/32 MP: 5/7
  2038 | D:2      | Found a bloodstained altar of Trog.
  2068 | D:3      | Noticed a fire elemental
  2070 | D:3      | Found a stormy altar of Qazlal.
  2072 | D:3      | Noticed a water elemental
  2072 | D:3      | Noticed an air elemental
  2095 | D:3      | Found an iron altar of Okawaru.
  2201 | D:3      | Found a glowing golden altar of the Shining One.
  2223 | D:3      | Became a worshipper of Warmaster Okawaru
  2223 | D:3      | Reached * piety under Okawaru
  2223 | D:3      | Reached ** piety under Okawaru
  2401 | D:4      | Found a glowing drain.
  2404 | D:4      | Found a snail-covered altar of Cheibriados.
  2410 | Sewer    | Entered a sewer
  2791 | Sewer    | Noticed a kobold brigand
  2821 | Sewer    | Killed a kobold brigand
  2822 | Sewer    | Reached skill level 5 in Dodging
  2822 | Sewer    | Gained mutation: You have razor-sharp teeth. [Vine Stalker
                  | growth]
  2822 | Sewer    | Reached XP level 6. HP: 20/38 MP: 5/8
  2932 | D:4      | Found a sand-covered staircase.
  2984 | Ossuary  | Entered an ossuary
  3033 | Ossuary  | Reached XP level 7. HP: 39/44 MP: 7/9
  3149 | Ossuary  | Reached *** piety under Okawaru
  3161 | Ossuary  | Reached skill level 5 in Fighting
  3386 | D:4      | Gained mutation: Your bite disrupts and absorbs the magic
                  | of your enemies. [Mana Stalker growth]
  3386 | D:4      | Gained mutation: You are resistant to hostile enchantments.
                  | (MR+) [Mana Stalker growth]
  3386 | D:4      | Reached XP level 8. HP: 32/49 MP: 6/10
  3424 | D:4      | Found a radiant altar of Vehumet.
  3470 | D:4      | Found a runed translucent gate.
  3470 | D:4      | Found a runed translucent gate.
  3470 | D:4      | Found a runed translucent gate.
  3482 | D:4      | Reached skill level 5 in Unarmed Combat
  3497 | D:4      | Noticed kosoiffoigrumme1174's ghost (amateur VSCK)
  3634 | D:4      | Got a pair of glimmering boots
  3684 | D:4      | Identified the +1 pair of boots "Tetaicw" {MR+ Slay-5
                  | Stlth+} (You found it on level 4 of the Dungeon)
  3708 | D:4      | Found Yvimofyo's Gadget Emporium.
  4180 | D:4      | Bought a wand of paralysis (7) for 112 gold pieces
  4203 | D:5      | Entered Level 5 of the Dungeon
  4335 | D:5      | Found a hazy altar of Hepliaklqana.
  4526 | D:5      | Noticed a yak
  4535 | D:5      | Killed a yak
  4535 | D:5      | Reached **** piety under Okawaru
  4953 | D:5      | Found Tinnah's Antique Weapon Boutique.
  5100 | D:5      | Reached XP level 9. HP: 52/56 MP: 11/11
  5317 | D:6      | Got a translucent sapphire amulet
  5697 | D:6      | Found a staircase to the Ecumenical Temple.
  5702 | D:6      | Noticed Grinder
  5715 | D:6      | Killed Grinder
  5748 | D:6      | Reached ***** piety under Okawaru
  5788 | D:6      | Identified the amulet "Sipnajia" {Inacc Int+2} (You found
                  | it on level 6 of the Dungeon)
  6174 | D:7      | Noticed a seven-headed hydra
  6201 | D:7      | Killed a seven-headed hydra
  6202 | D:7      | Reached XP level 10. HP: 18/64 MP: 3/12
  6498 | D:7      | Received a gift from Okawaru
  6649 | D:7      | Noticed a cyclops
  6657 | D:7      | Killed a cyclops
  6665 | D:7      | Reached skill level 10 in Dodging
  6974 | D:8      | Found a sparkling altar of Nemelex Xobeh.
  7025 | D:8      | Noticed a green ugly thing
  7037 | D:8      | Killed a green ugly thing
  7263 | D:8      | Found Dajicer's Gadget Shop.
  7268 | D:8      | Bought a wand of iceblast (8) for 202 gold pieces
  7268 | D:8      | Bought a wand of scattershot (4) for 225 gold pieces
  7429 | D:8      | Found a white marble altar of Elyvilon.
  7476 | D:8      | Reached XP level 11. HP: 71/71 MP: 13/13
  7480 | D:8      | Reached skill level 10 in Unarmed Combat
  7496 | D:8      | Reached skill level 10 in Fighting
  7531 | D:8      | Found a staircase to the Lair.
  7654 | D:8      | Reached skill level 1 in Evocations
  7663 | D:8      | Reached skill level 4 in Stealth
  7815 | D:9      | Noticed a two-headed ogre
  7821 | D:9      | Killed a two-headed ogre
  7850 | D:9      | Found a burning altar of Makhleb.
  7959 | D:9      | Reached skill level 5 in Stealth
  8046 | D:9      | Noticed a two-headed ogre
  8046 | D:9      | Noticed a two-headed ogre
  8047 | D:9      | Noticed a two-headed ogre
  8053 | D:9      | Noticed a two-headed ogre
  8056 | D:9      | Killed a two-headed ogre
  8059 | D:9      | Noticed a two-headed ogre
  8064 | D:9      | Killed a two-headed ogre
  8065 | D:9      | Reached skill level 6 in Stealth
  8095 | D:9      | Killed a two-headed ogre
  8098 | D:9      | Killed a two-headed ogre
  8099 | D:9      | Reached skill level 7 in Stealth
  8150 | D:9      | Noticed an ogre mage
  8168 | D:9      | Killed an ogre mage
  8169 | D:9      | Reached skill level 5 in Invocations
  8190 | D:9      | Killed a two-headed ogre
  8190 | D:9      | Reached ****** piety under Okawaru
  8190 | D:9      | Received a gift from Okawaru
  8191 | D:9      | Reached skill level 8 in Stealth
  8191 | D:9      | Gained mutation: You are highly resistant to hostile
                  | enchantments. (MR++) [Mana Stalker growth]
  8191 | D:9      | Reached XP level 12. HP: 69/77 MP: 13/17
  8484 | D:9      | Found a hide-covered altar of Uskayaw.
  8556 | D:10     | Entered Level 10 of the Dungeon
  8575 | D:10     | Found a portal to a secret trove of treasure.
  8593 | D:10     | Found a roughly hewn altar of Beogh.
  8600 | D:10     | Found a staircase to the Orcish Mines.
  8611 | D:10     | Reached skill level 5 in Evocations
  8799 | D:10     | Got a crude falchion
  8860 | D:10     | Identified the +5 falchion of Orinac {drain, Str+4 Dex-2}
                  | (You found it on level 10 of the Dungeon)
  8908 | D:10     | Reached skill level 9 in Stealth
  9066 | D:10     | Noticed a centaur warrior
  9076 | D:10     | Killed a centaur warrior
  9192 | D:11     | Found a gate leading to a gauntlet.
  9212 | Gauntlet | Entered a Gauntlet
  9212 | Gauntlet | Found a transporter.
  9212 | Gauntlet | Found a transporter.
  9218 | Gauntlet | Found a transporter.
  9229 | Gauntlet | Found a transporter.
  9246 | Gauntlet | Found a transporter.
  9250 | Gauntlet | Found a transporter.
  9250 | Gauntlet | Found a transporter.
  9250 | Gauntlet | Noticed a ghost crab
  9257 | Gauntlet | Found a transporter.
  9274 | Gauntlet | Found a transporter.
  9281 | Gauntlet | Found a transporter.
  9290 | Gauntlet | Found a transporter.
  9301 | Gauntlet | Found a transporter.
  9336 | Gauntlet | Found a transporter.
  9357 | Gauntlet | Found a transporter.
  9358 | Gauntlet | Noticed a catoblepas
  9454 | Gauntlet | Found a transporter.
  9471 | Gauntlet | Found a transporter.
  9473 | Gauntlet | Noticed a wretched star
  9769 | Gauntlet | Reached skill level 10 in Stealth
  9776 | Gauntlet | Received a gift from Okawaru
  9832 | Gauntlet | Noticed a minotaur
  9847 | Gauntlet | Killed a minotaur
  9958 | D:11     | Noticed Grum
  9967 | D:11     | Noticed Snorg
  9978 | D:11     | Killed Grum
  9993 | D:11     | Killed Snorg
  9993 | D:11     | Received a gift from Okawaru
  9994 | D:11     | Reached skill level 11 in Stealth
 10097 | D:11     | Noticed an ogre mage
 10105 | D:11     | Noticed a two-headed ogre
 10107 | D:11     | Noticed a two-headed ogre
 10111 | D:11     | Killed a two-headed ogre
 10111 | D:11     | Killed a two-headed ogre
 10111 | D:11     | Noticed a two-headed ogre
 10112 | D:11     | Reached XP level 13. HP: 82/82 MP: 20/20
 10132 | D:11     | Reached skill level 12 in Stealth
 10268 | D:11     | Received a gift from Okawaru
 10447 | D:11     | Found Rirghamut's Weapon Boutique.
 10701 | D:12     | Entered Level 12 of the Dungeon
 10840 | D:12     | Found Naonait's Magic Scroll Shop.
 10848 | D:12     | Bought a scroll of enchant armour for 105 gold pieces
 10913 | D:12     | Noticed Psyche
 10917 | D:12     | Noticed Agnes
 10918 | D:12     | Noticed an ettin
 10937 | D:11     | Killed Psyche
 11079 | D:12     | Killed an ettin
 11135 | D:12     | Reached skill level 10 in Invocations
 11341 | D:12     | Found a staircase to the Depths.
 11341 | D:12     | Noticed a frost giant
 11349 | D:12     | Killed a frost giant
 11350 | D:12     | Reached skill level 10 in Evocations
 11424 | D:12     | Mangled by Agnes

Skill      XL: |  1  2  3  4  5  6  7  8  9 10 11 12 13 |
---------------+----------------------------------------+-----
Unarmed Combat | 1 2 3 4 6 8 9 10 | 10.0
Fighting       | 3 4 5 6 8 9 10 | 10.0
Dodging        | 4 5 6 7 9 10 | 10.0
Evocations     | 4 7 10 | 10.0
Stealth        | 8 11 12 | 12.0
Invocations    | 5 8 10 | 10.0
Axes           | |  2.6

Action                   |  1- 3 |  4- 6 |  7- 9 | 10-12 | 13-15 || total
-------------------------+-------+-------+-------+-------+-------++-------
Melee: Hand axe          |   110 |   235 |       |       |       ||   345
       Bite              |     9 |    27 |   133 |   231 |    89 ||   489
       Punch             |       |     3 |     8 |    44 |    21 ||    76
       Dagger            |       |    43 |   323 |   414 |       ||   780
       Unarmed           |       |     1 |       |       |       ||     1
       Falchion          |       |       |       |    29 |       ||    29
       Rapier            |       |       |       |     2 |    81 ||    83
       War axe           |       |       |       |       |    68 ||    68
 Fire: Hand crossbow     |       |    26 |   103 |    40 |       ||   169
       Hunting sling     |       |       |       |     6 |    32 ||    38
Throw: Stone             |       |       |     5 |       |       ||     5
       Tomahawk          |       |       |       |    35 |    24 ||    59
Invok: Heroism           |       |       |     1 |    17 |     9 ||    27
       Finesse           |       |       |     1 |     4 |     3 ||     8
Evoke: Wand              |       |       |     1 |     8 |     1 ||    10
       Lamp of fire      |       |       |       |     1 |     1 ||     2
  Use: Scroll            |       |     2 |     5 |     3 |     4 ||    14
       Potion            |       |     2 |       |       |       ||     2
 Stab: Sleeping          |    10 |     1 |       |     2 |       ||    13
       Paralysed         |       |       |     2 |     2 |       ||     4
       Distracted        |       |       |       |       |     1 ||     1
  Eat: Chunk             |     4 |     7 |    17 |    21 |    11 ||    60
       Ration            |       |     2 |     2 |     3 |       ||     7
Armor: Robe              |    13 |       |       |       |       ||    13
       Ring mail         |     7 |       |       |       |       ||     7
       Plate armour      |       |   188 |   187 |       |       ||   375
       Skin              |       |   119 |       |       |       ||   119
       Chain mail        |       |       |    58 |   130 |    25 ||   213
       Troll leather arm |       |       |       |       |    13 ||    13
Dodge: Dodged            |    75 |    70 |   183 |   346 |   212 ||   886
Block: Other             |       |       |       |     1 |       ||     1
